 Dungeon Crawl Stone Soup version 0.23-a0-8-gb809bb7 (webtiles) character file.

28 prawnwizard the Slasher (level 3, -7/28 HPs)
             Began as a Demonspawn Gladiator on Aug 1, 2018.
             Mangled by a worm (8 damage)
             ... on level 2 of the Dungeon.
             The game lasted 00:01:01 (1005 turns).

prawnwizard the Slasher (Demonspawn Gladiator)      Turns: 1005, Time: 00:01:01

Health: -7/28      AC:  4    Str: 15    XL:     3   Next: 0%
Magic:  0/3        EV: 13    Int:  9    God:
Gold:   46         SH:  0    Dex: 14    Spells: 2/2 levels left

rFire    . . .     SeeInvis .   a - +0 long sword
rCold    . . .     Gourm    .   (no shield)
rNeg     . . .     Faith    .   b - +0 leather armour
rPois    .         Spirit   +   c - +0 helmet
rElec    .         Reflect  .   (no cloak)
rCorr    .         Harm     .   (no gloves)
MR       .....                  (no boots)
Stlth    +.........             (no amulet)
HPRegen  0.09/turn              (no ring)
MPRegen  0.08/turn              (no ring)

@: no status effects
A: magic shield
a: no special abilities


You were on level 2 of the Dungeon.
You were not hungry.

You visited 1 branch of the dungeon, and saw 2 of its levels.

You collected 46 gold pieces.

Inventory:

Hand Weapons
 a - a +0 long sword (weapon)
Missiles
 d - 3 throwing nets (quivered)
Armour
 b - a +0 leather armour (worn)
 c - a +0 helmet (worn)
 e - a +0 chain mail
Scrolls
 h - a scroll of enchant armour {unknown}
 i - 3 scrolls of identify {unknown}
 k - a scroll of remove curse {unknown}
 l - a scroll of magic mapping {unknown}
Potions
 g - a potion of lignification {unknown}
 j - a potion of haste {unknown}
 m - a potion of curing {unknown}
Comestibles
 f - 3 rations
 n - a chunk of flesh


   Skills:
 + Level 2.4 Fighting
 * Level 3.3 Long Blades
 - Level 1.7 Throwing
 + Level 3.0 Dodging


You had 2 spell levels left.
You didn't know any spells.
Your spell library was empty.

Dungeon Overview and Level Annotations

Branches:
Dungeon (2/15)

Altars:


Innate Abilities, Weirdness & Mutations

When hurt, damage is shared between your health and your magic reserves.


Message History

You feel stronger.
You slash the worm!
The worm is heavily wounded.
The worm bites you.
* * * LOW HITPOINT WARNING * * *
You hit the worm.
The worm is heavily wounded.
The worm barely misses you.
You riposte.
You barely miss the worm.
The worm is heavily wounded.
The worm barely misses you.
A rat comes into view.
Found 25 gold pieces.
A goblin comes into view.
The goblin shouts!
You hit the worm.
The worm is heavily wounded.
The worm bites you!
* * * LOW HITPOINT WARNING * * *
The worm bites you!
You die...

.................+......#
##....(...#(######...$#.#
##.....##.#.# #......##
###.........# #..r....#
.##.....#.### #......
###.....#.# #..r.#
#.....#.# #...(#
#......########....#.$
#.♣......##..@.........
♣......♣♣..ww.#####.#.
...♣♣♣♣♣♣.♣.....# #..
♣...♣...# #. ♣.♣♣♣♣...# #
♣♣ ♣.%...# ♣♣♣...#
♣......... ♣....).....


You could see 2 worms and a rat.

Vanquished Creatures
  2 oozes (D:1)
  4 bats (D:1)
  2 giant cockroaches
  A goblin (D:1)
  3 jackals (D:1)
  2 kobolds
  3 frilled lizards (D:1)
  3 rats
20 creatures vanquished.

Notes
Turn   | Place    | Note
-------+----------+-------------------------------------------
     0 | D:1      | prawnwizard the Demonspawn Gladiator began the quest for the Orb.
     0 | D:1      | Reached XP level 1. HP: 16/16 MP: 1/1
   237 | D:1      | Gained mutation: When hurt, damage is shared between your health and your magic reserves. [demonic ancestry]
   237 | D:1      | Reached XP level 2. HP: 20/22 MP: 2/2
   466 | D:1      | HP: 1/23 [jackal (2)]
   995 | D:2      | Reached XP level 3. HP: 12/28 MP: 3/3
  1005 | D:2      | HP: 1/28 [worm (7)]
  1005 | D:2      | Mangled by a worm

Vault maps used:
D:1:      saegor_arrival_simple_b
D:2:      chequers_ecumenical_altar_grove, grunt_ministairs_15

Skill      XL: |  1  2 |
---------------+-------+-----
Long Blades    | 3 |  3.3
Dodging        | 3 |  3.0
Fighting       | |  2.4
Throwing       | |  1.7

Action                   || total
-------------------------++-------
Melee: Long sword        ||    74
 Stab: Sleeping          ||     2
Armor: Leather armour    ||    21
Dodge: Dodged            ||    65
       Rpst.: Long sword ||    16

Table legend:
 A = Spawn XP
 B = Non-spawn XP
 C = Spawn XP percentage of total XP
 D = Spawn monster count
 E = Non-spawn monster count
 F = Spawn count percentage of total count
 G = Total turns spent on level
                    A         B        C        D         E        F      G
               +---------+---------+-------+---------+---------+-------+---------
         Total |       0 |      41 |   0.0 |       0 |      20 |   0.0 |  1005
               +---------+---------+-------+---------+---------+-------+---------
           D:1 |       0 |      36 |   0.0 |       0 |      17 |   0.0 |   930
           D:2 |       0 |       5 |   0.0 |       0 |       3 |   0.0 |    75
               +---------+---------+-------+---------+---------+-------+---------
